 Dungeon Crawl Stone Soup version 0.31-a0-675-g238779eb0a (webtiles) character file.

Game seed: 16832388003338945292

7 varam the Chopper (level 2, 27/27 HPs)
             Began as a Hill Orc Berserker on Sept 5, 2023.
             Was a Follower of Trog.
             Quit the game on level 2 of the Dungeon on Mar 7, 2024.
             The game lasted 00:04:41 (360 turns).

varam the Chopper (Hill Orc Berserker)               Turns: 360, Time: 00:04:42

Health: 27/27      AC:  2    Str: 19    XL:     2   Next: 0%
Magic:  2/2        EV: 12    Int:  7    God:    Trog [*.....]
Gold:   9          SH:  0    Dex: 10    Spells: 1/1 levels left

rFire   . . .        a - +0 hand axe
rCold   . . .        (no shield)
rNeg    . . .        b - +0 animal skin
rPois   .            (no helmet)
rElec   .            (no cloak)
rCorr   .            (no gloves)
SInv    .            (no boots)
Will    .....        (no amulet)
Stlth   +            (no ring)
HPRegen 0.24/turn    (no ring)
MPRegen 0.08/turn

%: no passive effects
@: no status effects
A: no striking features
a: Renounce Religion, Berserk


You were on level 2 of the Dungeon.
You worshipped Trog.
Trog was aware of your devotion.
You visited 1 branch of the dungeon, and saw 3 of its levels.

You collected 9 gold pieces.

Inventory:

Hand Weapons
 a - a +0 hand axe (weapon)
Missiles
 c - 3 stones
Armour
 b - a +0 animal skin (worn)


   Skills:
 + Level 3.8 Fighting
 + Level 4.1 Axes
 + Level 2.3 Armour
 + Level 1.7 Dodging


You had one spell level left.
You didn't know any spells.
Your spell library was empty.

Dungeon Overview and Level Annotations

Branches:
Dungeon (3/15)

Altars:


Message History

A rat comes into view.
Found a scroll labelled WAYDUM NUNAPI.
The rat moves out of view.
A goblin comes into view. It is wielding a +0 club.
The goblin shouts!
You hear a shout!
A goblin comes into view. It is wielding a +0 dagger.
A bat comes into view.
A goblin and a giant cockroach come into view.
Found 6 poisoned darts.
The goblin shouts!
The bat closely misses you. x2
The bat attacks as it pursues you! The bat hits you but does no damage. x2
The bat barely misses you. The bat hits you but does no damage.
The bat misses you. The bat hits you but does no damage. The bat hits you.
You miss the bat. The bat hits you but does no damage. The bat hits you.
You hit the bat.
You kill the bat!
Trog accepts your kill.
You see here a bat corpse.
You see here a +0 falchion.
There is a stone staircase leading up here.
A bat comes into view.
The bat moves out of view.
Found 4 boomerangs and a pair of boots.
Found a +0 dagger and a mace.
Options error: Unknown animation type 'false' (p0werm0de.rc:14) Welcome back, varam the Hill Orc Berserker.
Trog says: Kill them all!
Press ? for a list of commands and other information.
You catch the helpless goblin completely off-guard!
You hit the goblin.
You kill the goblin!
Trog accepts your kill.
You have reached level 2!
Options error: Unknown animation type 'false' (p0werm0de.rc:14) Welcome back, varam the Hill Orc Berserker.
Trog says: Kill them all!
Press ? for a list of commands and other information.
Are you sure you want to abandon this character and quit the game? (Confirm with "yes".)

..#.###########.# #.#.#
#.# . #.#.#
#####.####....
#.#.#######.............
#..)..<...#.####.####...
#.#.#####.#.#)#...#[#
#.#.# #.#.##.....##
####.#.# #.#.#b.)?...#
.....#.# #....@..#.?...
.#####.# ###.#(......#.
## #.. ...##.....##.#
### ##..#)#...#(# #..##
#.## # .... ... #.##.
##.. .. . .#


You could see a bat.

Vanquished Creatures
  An endoplasm (D:2)
  3 goblins (D:2)
  2 bats (D:2)
6 creatures vanquished.

Notes
Turn   | Place    | Note
-------+----------+-------------------------------------------
     0 | D:1      | varam the Hill Orc Berserker began the quest for the Orb.
     0 | D:1      | Reached XP level 1. HP: 19/19 MP: 1/1
   359 | D:2      | Reached XP level 2. HP: 27/27 MP: 2/2
   360 | D:2      | Quit the game

Illustrated notes

Levels and vault maps discovered:
D:1:      dpeg_arrival_castle, layout_basic
D:2:      layout_loops_ring, minmay_nonomino_d4, uniq_sigmund
D:3:      minmay_skewed_foursquare, layout_rooms, mainiacjoe_overflow_chevrons,
          lemuel_doored_altar, dreamdust_ecumenical_altar_angels_and_demons,
          serial_corexii_hall, corexii_hall_statues_x, corexii_hall_statues_s,
          st_stairs_11

Action                     || total
---------------------------++-------
  Melee: Hand axe          ||    10
   Stab: Distracted        ||     1
 Armour: Animal skin       ||     9
  Dodge: Dodged            ||     6

Table legend: (Time is in decaauts)
 A = Elapsed time spent in this place.
 B = Non-inter-level travel time spent in this place.
 C = Inter-level travel time spent in this place.
 D = Time resting spent in this place.
 E = Time spent auto-exploring this place.
 F = Levels seen in this place.
 G = Mean time per level.
                   A        B        C        D        E       F      G
               +--------+--------+--------+--------+--------+-----+--------+
         Total |    362 |    362 |      0 |    100 |     85 |   3 |  120.7 |
       Dungeon |    362 |    362 |      0 |    100 |     85 |   3 |  120.7 |
               +--------+--------+--------+--------+--------+-----+--------+

Top non-repeatable levels by time:
     D:1: 225 daAuts
     D:2: 134 daAuts
     D:3: 1 daAuts
